 Dungeon Crawl Stone Soup version 0.23-a0-408-g9d4b7ed (webtiles) character file.

31912 MisterFreud the Nimble (level 13, -20/52 HPs)
             Began as a Felid Transmuter on Nov 7, 2018.
             Was the Champion of Hepliaklqana.
             Killed from afar by a ynoxinul (31 damage)
             ... with an iron shot
             ... summoned by an orc high priest
             ... on level 2 of the Orcish Mines on Nov 8, 2018.
             The game lasted 01:30:44 (26455 turns).

MisterFreud the Nimble (Felid Transmuter)          Turns: 26455, Time: 01:30:46

Health: -20/52     AC:  3    Str: 10    XL:     13   Next: 28%
Magic:  18/23      EV: 33    Int: 15    God:    Hepliaklqana [******]
Gold:   1783       SH:  0    Dex: 17    Spells: 5/22 levels left
                                        Lives:  0   Deaths: 2

rFire    . . .     SeeInvis +     - Unarmed
rCold    + . .     Gourm    .   (shield unavailable)
rNeg     + + +     Faith    .   (armour unavailable)
rPois    .         Spirit   .   (helmet unavailable)
rElec    .         Reflect  .   (cloak unavailable)
rCorr    .         Harm     .   (gloves unavailable)
MR       +....                  (boots unavailable)
Stlth    ++++......             (no amulet)
HPRegen  0.17/turn              m - +3 ring of evasion
MPRegen  0.18/turn              M - ring "Oqurchut" {Wiz *Corrode +Inv rN+++ SInv}

@: about to teleport, blade paws, very slightly contaminated, invisible
(expiring), quick
A: very small, no armour, no weapons or thrown items, stealth, reduced essence,
claws 1, fangs 3, see invisible, carnivore, speed 1, shaggy fur 3, slow
metabolism 1
a: End Transformation, Recall Ancestor, Ancestor Identity, Transference,
Idealise, Renounce Religion


You were on level 2 of the Orcish Mines.
You worshipped Hepliaklqana.
Hepliaklqana was exalted by your worship.
You were full.
You had blades for front paws.
You visited 3 branches of the dungeon, and saw 22 of its levels.
You also visited: Ossuary.

You collected 1783 gold pieces.

Inventory:

Missiles
 a - 551 arrows
Jewellery
 m - a +3 ring of evasion (left scythe-like blade)
 q - a +2 ring of evasion
 B - an uncursed ring of resist corrosion
 G - an uncursed ring of ice
 K - an uncursed ring of poison resistance
 M - the ring "Oqurchut" (right scythe-like blade) {Wiz *Corrode +Inv rN+++ SInv}
   (You found it on level 2 of the Lair of Beasts)

   [ring of wizardry]

   It improves your spell success rate.
   It renders you almost immune to negative energy.
   It lets you see invisible.
   It lets you turn invisible.
   It may corrode you when you take damage.
 N - an uncursed ring of protection from cold
Wands
 i - a wand of paralysis (25)
 n - a wand of digging (14)
 u - a wand of random effects (13)
 w - a wand of iceblast (5)
 y - a wand of flame (15)
 F - a wand of enslavement (7)
 J - a wand of polymorph (8)
Scrolls
 b - 3 scrolls of teleportation
 f - 5 scrolls of amnesia
 h - 3 scrolls of fog
 k - 6 scrolls of remove curse
 o - 2 scrolls of holy word
 t - 2 scrolls of magic mapping
 I - a scroll of silence
 L - a scroll of fear
Potions
 d - 2 potions of brilliance
 e - 5 potions of flight
 g - 6 potions of agility
 j - 4 potions of degeneration
 l - 8 potions of curing
 r - 2 potions of mutation
 s - 2 potions of lignification
 v - 2 potions of might
 z - 5 potions of resistance
 D - 4 potions of cancellation
 P - a potion of magic
Miscellaneous
 x - a phantom mirror
 H - a phial of floods
Comestibles
 c - 58 rations


   Skills:
 - Level 8.0 Fighting
 - Level 14.0 Dodging
 - Level 10.0 Stealth
 - Level 10.1 Unarmed Combat
 - Level 5.1 Spellcasting
 + Level 11.8 Transmutations
 + Level 8.2 Earth Magic
 - Level 6.0 Invocations
 - Level 12.0 Evocations


You had 5 spell levels left.
You knew the following spells:

 Your Spells              Type           Power        Failure   Level  Hunger
a - Beastly Appendage     Tmut           #####.       3%          1    None
b - Sticks to Snakes      Tmut           #####...     3%          2    ##.....
c - Spider Form           Tmut/Pois      ###.......   12%         3    ###....
d - Blade Hands           Tmut           #####.....   12%         5    ######.
e - Statue Form           Tmut/Erth      ####.....    45%         6    #######

Your spell library contained the following spells:

 Spells                   Type           Power        Failure   Level  Hunger
 Petrify                  Tmut/Erth      ####....     10%         4    ####...
 Ignite Poison            Fire/Tmut/Pois ###.....     21%         3    ###....
 Animate Skeleton         Necr           N/A          26%         1    None
 Apportation              Tloc           #.....       26%         1    None
 Confusing Touch          Hex            #.....       26%         1    None
 Summon Small Mammal      Summ           #...         26%         1    None
 Ice Form                 Ice/Tmut       ###.....     26%         4    ####...
 Sublimation of Blood     Necr           #.........   34%         2    ##.....
 Alistair's Intoxication  Tmut/Pois      ###.....     45%         5    ######.
 Irradiate                Conj/Tmut      ###.......   45%         5    ######.
 Hydra Form               Tmut           #####.....   30%         6    #######
 Dragon Form              Tmut           #####.....   71%         7    #######


Dungeon Overview and Level Annotations

Branches:
Dungeon (14/15)            Temple (0/1) D:5            Lair (6/6) D:11
 Shoals (0/4) Lair:2        Snake (0/4) Lair:2          Orc (2/2) D:12
  Slime: Lair:5-6       Elf: Orc:2       Vaults: D:13-14

Altars:
Ashenzari
Cheibriados
Fedhas
Hepliaklqana
Nemelex Xobeh
Okawaru
Ru
Trog
Uskayaw
Vehumet
Wu Jian
Yredelemnul
Zin
Beogh

Shops:
D:12 *   Orc:2 *

Annotations:
D:5 3 runed doors, Gorice's ghost, novice GnWn
D:7 3 runed doors, Amnesiac's ghost, novice CeHu; soark's ghost, novice MiBe
D:14 Nessos
Lair:5 exclusion: 3 oklob plants
Lair:6 3 runed doors, nikopol's ghost, journeyman MiBe
Orc:1 2 transporters, mopl's ghost, journeyman GnBe
Orc:2 Azrael


Innate Abilities, Weirdness & Mutations

You cannot wear armour.
You are incapable of wielding weapons or throwing items.
Your paws allow you to move quietly. (Stealth)
You have sharp claws.
You have razor-sharp teeth.
You have supernaturally acute eyesight. (SInv)
You are carnivorous and can eat meat at any time.
You cover ground quickly.
Your thick and shaggy fur keeps you warm. (AC +3, rC+)
You have a slow metabolism.
((Your sharp claws are effective at attacking unaware monsters.))
Your life essence is reduced to manifest your ancestor. (-10% HP)


Message History

The orc high priest invokes the aid of Beogh against you.
You are unaffected.
An orc warrior comes into view. It is wielding a +0 flail.
Found 14 gold pieces.
Found Iteep's General Store.
Azrael the Boundless Flame comes into view.
He is wielding a +1 scimitar of
As you read the scroll of teleportation, it crumbles to dust.
You feel strangely unstable.
You flicker for a moment.
The hell hound completely misses you. The ynoxinul gestures at you.
The iron shot misses you.
The iron shot hits the hell hound.
The hell hound dies!
The fire elemental hits something.
The fire elemental burns something!
The orc high priest calls down the wrath of Beogh upon you.
Beogh smites you!
* * * LOW HITPOINT WARNING * * *
The ynoxinul gestures at you. The iron shot hits you!
Ouch! That really hurt!
You die...

......P.#.oo§Eo.#......
......P...§.......#.....
.........4...$#.........
...∩..R§.o##.$..........
.....§§P.o..............
...§§8..3...............
...E....................
.............##.........
o.P....@†...............
........................
........................
#.......................
##........$.............
#......................
........................
.#.....................P
....P...P


You could see Azrael (wandering), an orc high priest, an orange demon
(wandering), a fire elemental (wandering), a ynoxinul and 2 orc warriors.

Vanquished Creatures
  Agnes (D:14)
  A stone giant (D:12)
  Fannar (D:10)
  4 hydras
  Erolcha (D:13)
  2 catoblepae
  6 two-headed ogres
  4 death yaks
  3 centaur warriors (D:13)
  Urug (D:12)
  An orc high priest (Orc:1)
  An unseen horror (D:6)
  A wolf spider zombie (D:13)
  2 orc knights (D:12)
  2 wolf spiders (Lair:6)
  A manticore (Lair:2)
  3 orc sorcerers
  2 ugly things
  3 cyclopes
  2 elephants (Lair:3)
  6 black mambas (Lair:6)
  A black mamba (shapeshifter) (D:13)
  Psyche (D:8)
  9 spiny frogs
  A rime drake (Lair:6)
  8 komodo dragons
  3 trolls
  A queen bee (Lair:3)
  A polar bear (Lair:3)
  6 blink frogs
  2 hornets (Lair:6)
  3 dream sheep (Lair:4)
  9 hippogriffs
  2 shadows
  A vampire (D:13)
  2 redbacks (Lair:6)
  9 wyverns (Lair:6)
  3 fire bats (Lair:3)
  23 yaks
  A steam dragon (Lair:3)
  3 basilisks
  2 vampire mosquitoes (D:13)
  2 hungry ghosts
  A warg (D:12)
  A naga (Lair:2)
  6 porcupines
  25 water moccasins
  13 orc warriors
  A hornet zombie (D:6)
  2 sky beasts
  An eye of draining (D:12)
  An ice beast (D:8)
  3 black bears
  2 phantoms
  12 ogres
  15 wolves
  9 centaurs
  5 crocodiles
  3 elf zombies (Ossuary)
  3 big kobolds
  14 bullfrogs
  2 wyvern zombies
  5 scorpions
  40 killer bees
  A howler monkey (D:9)
  An electric eel (Lair:4)
  2 centaur zombies
  6 crimson imps
  3 bullfrog zombies
  A quasit (D:10)
  4 centaur skeletons
  6 hounds
  16 orc priests
  3 human zombies (Ossuary)
  7 jellies
  4 bullfrog skeletons
  Ijyb (D:5)
  Terence (D:2)
  3 iguanas
  15 orc wizards
  8 worker ants
  5 hell rats
  2 big kobold zombies (Ossuary)
  4 mummies
  A howler monkey zombie (D:10)
  2 worker ant zombies (D:7)
  2 gnolls (D:8)
  11 adders
  2 river rats (D:11)
  5 shadow imps
  7 oozes
  6 adder zombies
  2 worms
  2 dart slugs
  4 leopard geckos
  43 orcs
  9 bats
  4 giant cockroaches
  3 gnoll zombies (Ossuary)
  5 goblins
  4 hobgoblins
  10 jackals
  3 quokkas
  A ball python (D:5)
  6 frilled lizards
  A goblin zombie (Ossuary)
  4 hobgoblin zombies (Ossuary)
  2 jackal zombies (Ossuary)
  19 kobolds
  3 kobold zombies (Ossuary)
  An orc zombie (Ossuary)
  2 quokka skeletons
  5 quokka zombies (Ossuary)
  8 rats
  3 rat zombies (Ossuary)
578 creatures vanquished.

Vanquished Creatures (collateral kills)
  A death yak (D:11)
  An elephant (Lair:3)
  A guardian serpent (Lair:6)
  A spiny frog (Lair:2)
  A rime drake (Lair:6)
  3 komodo dragons
  2 dream sheep (Lair:4)
  A redback (Lair:6)
  A wraith (D:10)
  3 yaks
  2 water moccasins (Lair:6)
  An orc warrior (D:8)
  A porcupine (Lair:4)
  A black bear (D:8)
  A sky beast (D:9)
  2 wolves
  3 scorpions (D:4)
  A killer bee (Lair:3)
  A howler monkey (D:9)
  An orc priest (Orc:1)
  4 orc wizards
  A worker ant (D:8)
  A worker ant zombie (D:8)
  A gnoll (D:8)
  2 adders (D:4)
  A worm (D:3)
  13 orcs
  2 jackals
  2 bats (D:4)
  A frilled lizard (D:4)
  A quokka skeleton (D:4)
  A rat (D:11)
  3 fungi (D:4)
  2 plants
64 creatures vanquished.

Vanquished Creatures (others)
  A hell hound (Orc:2)
  12 hexers
  An ancestor (D:4)
  3 orcs (Orc:1)
  25 fungi
  24 plants
  2 withered plants
68 creatures vanquished.

Grand Total: 710 creatures vanquished

Notes
Turn   | Place    | Note
-------+----------+-------------------------------------------
     0 | D:1      | MisterFreud the Felid Transmuter began the quest for the
                  | Orb.
     0 | D:1      | Reached XP level 1. HP: 9/9 MP: 4/4
    12 | D:1      | Reached skill level 1 in Stealth
   107 | D:1      | Reached XP level 2. HP: 6/12 MP: 4/6
   111 | D:1      | Learned a level 2 spell: Sticks to Snakes
  1035 | D:2      | Reached XP level 3. HP: 14/15 MP: 5/7
  1399 | D:2      | Found a blossoming altar of Fedhas.
  1426 | D:2      | Reached skill level 5 in Stealth
  1455 | D:2      | Noticed Terence
  1460 | D:2      | Killed Terence
  1460 | D:2      | Reached XP level 4. HP: 16/19 MP: 8/8
  1547 | D:2      | Found a glowing silver altar of Zin.
  1555 | D:2      | Found a hazy altar of Hepliaklqana.
  1555 | D:2      | Found a snail-covered altar of Cheibriados.
  1588 | D:2      | Became a worshipper of Hepliaklqana the Forgotten
  1685 | D:2      | Found a sparkling altar of Nemelex Xobeh.
  1805 | D:2      | Learned a level 3 spell: Spider Form
  1981 | D:3      | Found an iron altar of Okawaru.
  2211 | D:3      | Reached XP level 5. HP: 21/21 MP: 7/9
  2448 | D:4      | Noticed an ogre
  2460 | D:4      | Killed an ogre
  2530 | D:4      | Reached skill level 5 in Unarmed Combat
  2530 | D:4      | Gained mutation: You are covered in thick fur. (AC +2)
                  | [Felid growth]
  2530 | D:4      | Reached XP level 6. HP: 19/25 MP: 10/10
  2857 | D:4      | Reached * piety under Hepliaklqana
  3252 | D:4      | Found the +7 Singing Sword {slice, sonic wave}
  3322 | D:5      | Entered Level 5 of the Dungeon
  3322 | D:5      | Noticed Ijyb
  3324 | D:5      | Killed Ijyb
  3336 | D:5      | Reached XP level 7. HP: 9/27 MP: 7/11
  3508 | D:5      | Found a hazy altar of Hepliaklqana.
  3513 | D:5      | Reached skill level 5 in Transmutations
  3774 | D:5      | Found a sacrificial altar of Ru.
  4056 | D:5      | Found a staircase to the Ecumenical Temple.
  4273 | D:5      | Found a runed gate.
  4274 | D:5      | Noticed Gorice's ghost (novice GnWn)
  4275 | D:5      | Found a runed gate.
  4275 | D:5      | Found a runed gate.
  4607 | D:4      | Reached ** piety under Hepliaklqana
  4608 | D:4      | Remembered your ancestor Xiuhtonal as a hexer
  5458 | D:6      | Noticed an unseen horror
  5601 | D:6      | HP: 1/27 [unseen horror (2)]
  6168 | D:5      | Learned a level 5 spell: Blade Hands
  6226 | D:6      | Found a hide-covered altar of Uskayaw.
  6311 | D:6      | Reached XP level 8. HP: 28/30 MP: 10/14
  6375 | D:6      | Killed an unseen horror
  6375 | D:6      | Reached skill level 5 in Spellcasting
  6636 | D:6      | Reached skill level 3 in Dodging
  6819 | D:6      | Reached skill level 4 in Dodging
  7020 | D:6      | Reached skill level 5 in Dodging
  7192 | D:6      | Reached XP level 9. HP: 33/33 MP: 17/17
  7264 | D:6      | Reached skill level 6 in Dodging
  7291 | D:6      | Found an ornate altar of the Wu Jian Council.
  7368 | D:7      | Found a sand-covered staircase.
  7386 | Ossuary  | Entered an ossuary
  7622 | Ossuary  | Reached skill level 7 in Dodging
  7740 | Ossuary  | Reached *** piety under Hepliaklqana
  7753 | Ossuary  | Reached skill level 8 in Dodging
  8063 | D:7      | Reached skill level 9 in Dodging
  8289 | D:7      | Found a runed gate.
  8289 | D:7      | Found a runed gate.
  8290 | D:7      | Found a runed gate.
  8291 | D:7      | Noticed soark's ghost (novice MiBe)
  8296 | D:7      | Reached skill level 10 in Dodging
  8298 | D:7      | Noticed Amnesiac's ghost (novice CeHu)
  8364 | D:7      | Reached skill level 1 in Evocations
  8370 | D:7      | Reached skill level 1 in Invocations
  8393 | D:7      | Found a radiant altar of Vehumet.
  8743 | D:8      | Found a bloodstained altar of Trog.
  8808 | D:8      | Found a hide-covered altar of Uskayaw.
  8811 | D:8      | Noticed a dagger
  8812 | D:8      | Noticed a hand axe
  9123 | D:8      | Found a shattered altar of Ashenzari.
  9154 | D:8      | Reached XP level 10. HP: 37/37 MP: 3/18
  9426 | D:8      | Reached skill level 5 in Evocations
  9927 | D:8      | Found a basalt altar of Yredelemnul.
 10076 | D:8      | Noticed Psyche
 10080 | D:8      | Killed Psyche
 10394 | D:9      | Reached **** piety under Hepliaklqana
 10750 | D:9      | Found a sacrificial altar of Ru.
 10842 | D:10     | Entered Level 10 of the Dungeon
 10842 | D:10     | Noticed Fannar
 10858 | D:10     | Killed Fannar
 11096 | D:10     | Noticed a two-headed ogre
 11104 | D:10     | Killed a two-headed ogre
 11104 | D:10     | Reached skill level 5 in Fighting
 11104 | D:10     | Reached XP level 11. HP: 33/43 MP: 12/19
 11904 | D:11     | Noticed a seven-headed hydra
 12050 | D:11     | Noticed a two-headed ogre
 12063 | D:11     | Killed a two-headed ogre
 12596 | D:11     | Found a staircase to the Lair.
 12602 | D:11     | Noticed a death yak
 12626 | D:11     | Noticed a death yak
 12634 | D:11     | Noticed a death yak
 12637 | D:11     | Killed a death yak
 12646 | D:11     | Killed a death yak
 12651 | D:11     | Killed a death yak
 12651 | D:11     | Reached skill level 10 in Unarmed Combat
 12956 | D:11     | Noticed a purple ugly thing
 12963 | D:11     | Killed a purple ugly thing
 13109 | D:11     | Noticed a two-headed ogre
 13121 | D:11     | Killed a two-headed ogre
 13121 | D:11     | Reached skill level 10 in Stealth
 13782 | Lair:1   | Entered Level 1 of the Lair of Beasts
 14135 | Lair:1   | Reached ***** piety under Hepliaklqana
 14445 | Lair:2   | Found a staircase to the Snake Pit.
 14762 | Lair:2   | Found a staircase to the Shoals.
 14768 | Lair:2   | Reached skill level 5 in Invocations
 14797 | Lair:2   | Noticed a catoblepas
 14804 | Lair:2   | Killed a catoblepas
 14804 | Lair:2   | Gained mutation: Your thick and shaggy fur keeps you warm.
                  | (AC +3, rC+) [Felid growth]
 14804 | Lair:2   | Reached XP level 12. HP: 48/48 MP: 20/20
 15222 | Lair:2   | Got a wavering iron ring
 15224 | Lair:2   | Identified the ring "Oqurchut" {Wiz *Corrode +Inv rN+++
                  | SInv} (You found it on level 2 of the Lair of Beasts)
 16050 | Lair:3   | Noticed a death yak
 16462 | Lair:3   | Noticed a death yak
 16462 | Lair:3   | Noticed a death yak
 16464 | Lair:3   | Noticed a death yak
 16466 | Lair:3   | Noticed a death yak
 16495 | Lair:3   | Killed a death yak
 16500 | Lair:3   | Killed a death yak
 16500 | Lair:3   | Reached skill level 10 in Evocations
 16501 | Lair:3   | Noticed a death yak
 16961 | Lair:4   | Noticed an eight-headed hydra
 16968 | Lair:4   | Killed an eight-headed hydra
 17522 | Lair:4   | Reached XP level 13. HP: 52/52 MP: 18/22
 17553 | Lair:4   | Reached ****** piety under Hepliaklqana
 18080 | Lair:5   | Found the +8 whip "Snakebite" {curare, rPois}
 18188 | Lair:5   | Reached skill level 11 in Dodging
 18801 | Lair:6   | Entered Level 6 of the Lair of Beasts
 18881 | Lair:6   | Learned a level 6 spell: Statue Form
 19216 | Lair:6   | Reached skill level 1 in Earth Magic
 19550 | Lair:6   | Reached skill level 12 in Dodging
 19613 | Lair:6   | Slain by a wyvern
 19614 | Lair:6   | Reached XP level 12. HP: 0/49 MP: 15/22
 19650 | Lair:6   | Noticed a four-headed hydra
 19659 | Lair:6   | Killed a six-headed hydra
 19668 | Lair:6   | Found a runed gate.
 19668 | Lair:6   | Found a runed gate.
 19669 | Lair:6   | Found a runed gate.
 19690 | Lair:6   | Noticed a four-headed hydra
 21325 | Lair:6   | Reached skill level 10 in Transmutations
 21496 | Lair:6   | Reached XP level 13. HP: 41/52 MP: 17/23
 21500 | Lair:6   | Reached skill level 13 in Dodging
 21884 | Lair:6   | Reached skill level 5 in Earth Magic
 22019 | Lair:6   | Noticed nikopol's ghost (journeyman MiBe)
 22374 | D:12     | Found Kitimeg's Elemental Accessories.
 22429 | D:12     | Found a staircase to the Orcish Mines.
 22689 | D:12     | Reached skill level 14 in Dodging
 22775 | D:12     | Noticed Urug
 22792 | D:12     | Killed Urug
 23035 | Orc:1    | Entered Level 1 of the Orcish Mines
 23035 | Orc:1    | Noticed a stone giant
 24336 | D:13     | Noticed Erolcha
 24344 | D:13     | Killed Erolcha
 24458 | D:14     | Noticed Agnes
 24459 | D:14     | Noticed Nessos
 24466 | D:14     | HP: 1/52 [Nessos/arrow (8)]
 24466 | D:14     | Shot with an arrow by Nessos
 24467 | D:14     | Reached XP level 12. HP: 0/49 MP: 18/22
 24550 | D:14     | Killed Agnes
 24648 | D:13     | Upgraded the game from 0.23-a0-407-g92528d7 to
                  | 0.23-a0-408-g9d4b7ed
 24799 | D:12     | Reached XP level 13. HP: 52/52 MP: 17/23
 24810 | D:12     | Killed a stone giant
 26023 | Orc:1    | Found a roughly hewn altar of Beogh.
 26098 | Orc:2    | Entered Level 2 of the Orcish Mines
 26144 | Orc:1    | Noticed mopl's ghost (journeyman GnBe)
 26150 | Orc:1    | Found a transporter.
 26296 | Orc:1    | Found a transporter.
 26452 | Orc:2    | Found Iteep's General Store.
 26453 | Orc:2    | Noticed Azrael
 26455 | Orc:2    | Killed from afar by a ynoxinul

Vault maps used:
D:1:      dpeg_arrival_tiny_f, minmay_misc_feat_roman
D:2:      overflow_temple_1_default, chequers_temple_overflow_statue_of_worship,
          marbit_many_paths, lightli_corner_chamber, uniq_terence
D:3:      lemuel_crystal_altar
D:4:      old_forge
D:5:      minmay_temple_entry_grid, first_ration, basic_altar,
          gammafunk_ghost_nasty_kobolds, nicolae_ru_path_of_blood, uniq_ijyb
D:6:      lemuel_doored_altar, basic_altar
D:7:      vehumet_altar_wand_db, gammafunk_ghost_cemetery,
          nicolae_ossuary_entry_monument
D:8:      dancing_weapons_uskayaw, ashenzari_altar_1, yredelemnul_altar_generic,
          trog_ov_bears_minmay, uniq_psyche
D:9:      lemuel_coloured_pillars_altar
D:10:     enter_bailey_2, nicolae_wwwww, hangedman_little_slice_of_home,
          uniq_fannar
D:11:     dpeg_lair_monsters, minivault_11
D:12:     orc_0_dummy, nicolae_elemental_shop, uniq_urug
D:13:     uniq_erolcha
D:14:     grunt_vaults_entry_tiered, chequers_garden, serial_undead,
          serial_undead_f, serial_undead_d, serial_undead_b, serial_undead_d,
          uniq_agnes, uniq_nessos
Lair:1:   serial_bayou_shore_a
Lair:2:   minmay_shoals_entry_beasts, guppyfry_snake_entry_island
Lair:3:   special_room
Lair:4:   st_stairs_11, serial_bayou_lagoon_a, infiniplex_staircase_pool,
          lemuel_fruit_tree
Lair:5:   minmay_slime_entry_oklob_enclosed
Lair:6:   hangedman_lair_tendril_chambers, gammafunk_ghost_necromancy
Orc:1:    gammafunk_ghost_smash, minmay_orc_temple_c
Orc:2:    grunt_orc_gardens, grunt_orc_garden, grunt_orc_garden,
          grunt_orc_garden, grunt_orc_garden, mines2_david, uniq_azrael
Ossuary:  minmay_ossuary_two_tombs

Skill      XL: |  1  2  3  4  5  6  7  8  9 10 11 12 13 |
---------------+----------------------------------------+-----
Stealth        | 2 4 5 10 | 10.0
Fighting       | 2 3 5 7 8 |  8.0
Unarmed Combat | 5 8 10 | 10.1
Transmutations | 4 7 8 11 9 | 11.8
Spellcasting   | 3 5 |  5.1
Dodging        | 5 10 14 | 14.0
Evocations     | 4 6 11 12 | 12.0
Invocations    | 3 4 5 6 |  6.0
Earth Magic    | 4 8 |  8.2

Action                   |  1- 3 |  4- 6 |  7- 9 | 10-12 | 13-15 || total
-------------------------+-------+-------+-------+-------+-------++-------
Melee: Unarmed           |    80 |    98 |   416 |   685 |   492 ||  1771
       Bite              |     5 |     9 |    17 |    47 |    57 ||   135
       Headbutt          |     5 |     8 |       |       |       ||    13
       Punch             |     1 |     2 |     5 |    23 |    21 ||    52
 Cast: Beastly Appendage |    17 |    16 |       |       |       ||    33
       Sticks to Snakes  |       |    16 |     3 |       |       ||    19
       Spider Form       |       |     1 |    22 |       |       ||    23
       Blade Hands       |       |       |    19 |    85 |    54 ||   158
       Statue Form       |       |       |       |     1 |       ||     1
Invok: Recall Ancestor   |       |     1 |     3 |     6 |     5 ||    15
       Ancestor Life: He |       |       |     1 |       |       ||     1
       Idealise          |       |       |       |       |     1 ||     1
 Abil: Evoke Invisibilit |       |       |       |     3 |     6 ||     9
Evoke: Wand              |       |       |     1 |    12 |    12 ||    25
  Use: Scroll            |       |     5 |    10 |     6 |    15 ||    36
       Potion            |       |     1 |     2 |     7 |     4 ||    14
 Stab: Sleeping          |     4 |    18 |    14 |    22 |    12 ||    70
       Held in net/web   |       |     1 |       |       |       ||     1
       Distracted        |       |       |     3 |     8 |     2 ||    13
       Confused          |       |       |     2 |    10 |     5 ||    17
       Paralysed         |       |       |     1 |     5 |     6 ||    12
       Invisible         |       |       |       |     5 |    10 ||    15
  Eat: Chunk             |     9 |     2 |    23 |    60 |    38 ||   132
Armor: Skin              |     6 |     2 |    12 |    24 |    12 ||    56
Dodge: Dodged            |    62 |    59 |   405 |   683 |   533 ||  1742

Table legend:
 A = Non-vault XP
 B = Vault XP
 C = Vault XP percentage of total XP
 D = Non-vault monster count
 E = Vault monster count
 F = Vault count percentage of total count
                 A         B        C        D         E       F
            +---------+---------+-------+---------+---------+-------
      Total |   64595 |   26018 |  28.7 |     460 |     177 |  27.8
            +---------+---------+-------+---------+---------+-------
        D:1 |      39 |       0 |   0.0 |      20 |       0 |   0.0
        D:2 |      52 |      37 |  41.6 |      14 |       2 |  12.5
        D:3 |      91 |       0 |   0.0 |      18 |       0 |   0.0
        D:4 |     385 |     257 |  40.0 |      12 |      11 |  47.8
        D:5 |     240 |      36 |  13.0 |      14 |       1 |   6.7
        D:6 |    1721 |       0 |   0.0 |      32 |       0 |   0.0
        D:7 |     985 |       2 |   0.2 |      25 |       1 |   3.8
        D:8 |    2706 |     681 |  20.1 |      45 |       3 |   6.2
        D:9 |     796 |       0 |   0.0 |      12 |       0 |   0.0
       D:10 |    3356 |    1173 |  25.9 |      21 |       9 |  30.0
       D:11 |    3411 |    2796 |  45.0 |      23 |      11 |  32.4
       D:12 |   10879 |    1111 |   9.3 |      57 |       6 |   9.5
       D:13 |    7488 |     968 |  11.4 |      23 |       1 |   4.2
       D:14 |     299 |    2181 |  87.9 |       5 |       2 |  28.6
     Lair:1 |    1180 |       0 |   0.0 |       5 |       0 |   0.0
     Lair:2 |    2941 |     977 |  24.9 |      14 |       3 |  17.6
     Lair:3 |    5774 |    1722 |  23.0 |      19 |      24 |  55.8
     Lair:4 |    5676 |     852 |  13.1 |      23 |       4 |  14.8
     Lair:5 |    4152 |       0 |   0.0 |      25 |       0 |   0.0
     Lair:6 |   11176 |    9937 |  47.1 |      35 |      36 |  50.7
      Orc:1 |    1245 |    2407 |  65.9 |      17 |      24 |  58.5
      Orc:2 |       3 |     263 |  98.9 |       1 |       2 |  66.7
    Ossuary |       0 |     618 | 100.0 |       0 |      37 | 100.0
            +---------+---------+-------+---------+---------+-------
